 Dungeon Crawl Stone Soup version 0.28-a0-519-gbfeecf2fc5 (webtiles) character file.

Game seed: 16406388715711331387

14889 pokeman the Eclecticist (level 11, -3/57 HPs)
             Began as a Deep Elf Hedge Wizard on Sept 22, 2021.
             Was a Believer of Vehumet.
             Slain by a death knight (28 damage)
             ... on level 12 of the Dungeon on Sept 23, 2021.
             The game lasted 00:46:05 (18468 turns).

pokeman the Eclecticist (Deep Elf Hedge Wizard)    Turns: 18468, Time: 00:46:06

Health: -3/57      AC:  7    Str:  7    XL:     11   Next: 94%
Magic:  24/51      EV: 11    Int: 23    God:    Vehumet [**....]
Gold:   1767       SH: 10    Dex: 14    Spells: 23/42 levels left

rFire   + . .      SeeInvis .   s - +0 whip (elec)
rCold   + . .      Faith    .   z - +0 buckler
rNeg    . . .      Spirit   .   R - +0 acid dragon scales
rPois   .          Reflect  +   c - +0 hat
rElec   .          Harm     .   b - scarf {rC+ rF+}
rCorr   +          Rampage  .   (no gloves)
Will    +....                   (no boots)
Stlth   ++........              T - amulet of reflection
HPRegen 0.19/turn               C - ring of magical power
MPRegen 0.32/turn               r - ring of magical power

@: no status effects
A: no striking features
a: Renounce Religion


You were on level 12 of the Dungeon.
You worshipped Vehumet.
Vehumet was pleased with you.
You visited 2 branches of the dungeon, and saw 13 of its levels.
You also visited: Sewer.

You collected 1767 gold pieces.

Inventory:

Hand Weapons
 q - a +2 shortbow of flaming
 s - a +0 whip of electrocution (weapon)
Missiles
 j - 157 arrows
 Y - a curare-tipped dart
Armour
 b - a scarf of resistance (worn)
 c - a +0 hat (worn)
 z - a +0 buckler (worn)
 R - +0 acid dragon scales (worn)
Jewellery
 r - a ring of magical power (right hand)
 u - a ring of ice
 C - a ring of magical power (left hand)
 H - a ring of ice
 T - an amulet of reflection (around neck)
Wands
 d - a wand of iceblast (4)
 f - a wand of paralysis (5)
 w - a wand of digging (5)
 y - a wand of acid (1)
Scrolls
 g - a scroll of torment {unknown}
 L - 3 scrolls of magic mapping
 O - 2 scrolls of enchant armour {unknown}
 V - a scroll of blinking {unknown}
 W - a scroll of fog {unknown}
 Z - a scroll of teleportation
Potions
 a - 2 potions of haste
 e - a potion of flight
 h - a potion of lignification {unknown}
 i - 7 potions of curing
 l - 2 potions of resistance {unknown}
 v - 3 potions of heal wounds {unknown}
 D - 2 potions of ambrosia {unknown}
 I - a potion of invisibility {unknown}
 M - a potion of brilliance {unknown}
 N - 3 potions of magic {unknown}
 P - a potion of berserk rage {unknown}


   Skills:
 - Level 2.0 Fighting
 + Level 5.0 Armour
 - Level 3.1 Dodging
 - Level 3.0 Stealth
 - Level 4.0 Shields
 * Level 16.3 Spellcasting
 + Level 9.7 Conjurations
 - Level 5.1 Summonings
 - Level 2.0 Necromancy
 - Level 1.1 Translocations
 - Level 7.1 Fire Magic
 + Level 2.0 Air Magic
 - Level 1.0 Poison Magic
 - Level 1.0 Evocations


You had 23 spell levels left.
You knew the following spells:

 Your Spells              Type           Power      Damage    Failure   Level
a - Magic Dart            Conj           100%       1d8       1%          1
b - Mephitic Cloud        Conj/Pois/Air  38%        N/A       2%          3
c - Call Imp              Summ           42%        N/A       1%          2
d - Blink                 Tloc           N/A        N/A       4%          2
e - Conjure Flame         Conj/Fire      55%        6-21      1%          3
f - Swiftness             Air            28%        N/A       7%          3
g - Lightning Bolt        Conj/Air       22%        1d38      13%         5

Your spell library contained the following spells:

 Spells                   Type           Power      Damage    Failure   Level
 Freeze                   Ice            72%        1d9       4%          1
 Sticky Flame             Conj/Fire      55%        2d7       1%          4
 Animate Skeleton         Necr           56%        N/A       2%          1
 Pain                     Necr           100%       1d9       2%          1
 Ignite Poison            Fire/Tmut/Pois 31%        N/A       4%          3
 Vampiric Draining        Necr           14%        2d8       7%          3
 Hailstorm                Conj/Ice       41%        3d10      7%          4
 Slow                     Hex            18%        N/A       8%          2
 Gell's Gravitas          Tloc           11%        N/A       10%         3
 Lesser Beckoning         Tloc           23%        N/A       10%         3
 Teleport Other           Tloc           23%        N/A       10%         3
 Frozen Ramparts          Ice            36%        1d5       16%         3
 Ozocubu's Armour         Ice            18%        N/A       16%         3
 Summon Ice Beast         Ice/Summ       30%        N/A       19%         4
 Airstrike                Air            14%        N/A       22%         4
 Ice Form                 Ice/Tmut       18%        N/A       45%         4
 Petrify                  Tmut/Erth      18%        N/A       45%         4
 Conjure Ball Lightning   Conj/Air       22%        3x3d6     56%         6
 Silence                  Hex/Air        11%        N/A       67%         5
 Metabolic Englaciation   Hex/Ice        9%         N/A       80%         5
 Simulacrum               Ice/Necr       11%        N/A       99%         6
 Statue Form              Tmut/Erth      12%        N/A       100%        6
 Ozocubu's Refrigeration  Ice            9%         4d6       100%        7
 Discord                  Hex            9%         N/A       100%        8
 Disjunction              Tloc           11%        N/A       100%        8


Dungeon Overview and Level Annotations

Branches:
Dungeon (12/15)            Temple (1/1) D:5            Lair (0/6) D:9
    Orc (0/2) D:11          Sewer (visited)

Altars:
Ashenzari
Cheibriados
Dithmenos
Elyvilon
Fedhas
Gozag
Hepliaklqana
Kikubaaqudgha
Makhleb
Nemelex Xobeh
Okawaru
Qazlal
Ru
Sif Muna
Trog
Uskayaw
Vehumet
Wu Jian
Xom
Yredelemnul
Zin
The Shining One

Shops:
D:9 =   D:10 (   D:12 [


Message History

Casting: Conjure Flame (safe; 1% risk of failure)
Confirm with . or Enter, or press ? or * to list all spells.
The fire begins to smoulder!
The fire ignites!
Casting: Conjure Flame (safe; 1% risk of failure)
Confirm with . or Enter, or press ? or * to list all spells.
The fire begins to smoulder!
The fire ignites!
Casting: Conjure Flame (safe; 1% risk of failure)
Confirm with . or Enter, or press ? or * to list all spells.
Aiming: Mephitic Cloud (dangerous; 2% risk of failure)
Press: ? - help, Shift-Dir - straight line, f - death knight
Aim: a death knight, wielding a +1 battleaxe and wearing a +0 plate armour (lightly wounded, confused, chance to affect: 53%)
The ball explodes into a vile cloud!
The stinking cloud engulfs the death knight but does no damage.
The death knight is lightly wounded.
The death knight is engulfed in noxious fumes.
The death knight appears confused.
Unknown command.
Aiming: Corrosive Bolt
Press: ? - help, Shift-Dir - straight line, f/p - death knight
Aim: a death knight, wielding a +1 battleaxe and wearing a +0 plate armour (noxious fumes, lightly wounded, confused, 94% to hit)
The bolt of acid hits the death knight!
The acid corrodes the death knight!
The death knight is lightly wounded.
The death knight is engulfed in noxious fumes.
The death knight is engulfed in noxious fumes.
The death knight appears confused.
The death knight is engulfed in noxious fumes.
The death knight is engulfed in noxious fumes.
The death knight appears confused.
The death knight is engulfed in blazing flames.
The death knight is engulfed in blazing flames.
The death knight is engulfed in blazing flames.
You hit the death knight.
Lightning courses through the death knight!
The death knight is heavily wounded.
The death knight is no longer covered in acid.
The death knight is engulfed in blazing flames.
The death knight hits you with a +1 battleaxe!!
You die...

##......p.#.##.#
#...# #.#...
...######.#.##.#
#...# #.#.#. .
#...##.# #...#
#.#.#. ######.#
#...# #)#.## #.#
#...# #†#.# #.#
#...# #.#.# #§#
#...# #.#†# #p#
##### #.#.## #@#
#.#... #)#
#.#### #.# #.#
#.# #.#
#.###########.#
#.............#
#.#############
###


You could see a death knight (confused).

Vanquished Creatures
  3 two-headed ogres
  A skeletal warrior (D:12)
  A deep elf pyromancer (D:9)
  Pikel (D:7)
  2 manticores
  An ugly thing (D:11)
  Joseph (D:7)
  2 gargoyles (D:11)
  A kobold demonologist (D:11)
  Maggie (D:7)
  2 trolls (D:11)
  A hornet (D:9)
  Prince Ribbit (D:6)
  Sigmund (D:6)
  2 shadows (D:11)
  3 wraiths
  2 wyverns
  2 basilisks (D:12)
  10 yaks (D:10)
  3 steam dragons
  4 vampire mosquitoes (D:12)
  3 orc warriors
  2 ice beasts
  A sky beast (D:6)
  A black bear (D:5)
  2 centaurs
  2 ogres
  4 phantoms
  4 kobold brigands
  2 gnoll sergeants
  4 bullfrogs
  A scorpion (D:5)
  A wyvern zombie (D:6)
  A wyvern skeleton (D:9)
  A hornet simulacrum (D:9)
  A troll zombie (D:11)
  10 killer bees
  3 wights (D:7)
  An electric eel (D:8)
  2 howler monkeys
  4 centaur zombies
  A bullfrog zombie (D:7)
  3 hounds
  A jelly (D:6)
  3 orc priests
  A centaur skeleton (D:7)
  A gnoll shaman (D:3)
  2 iguanas
  4 orc wizards
  3 killer bee zombies (D:7)
  4 ogre zombies (D:11)
  3 hound skeletons
  A howler monkey skeleton (D:6)
  14 gnolls
  4 adders
  2 river rats (D:6)
  2 white imps
  An ufetubus (D:4)
  A worm (D:2)
  6 dart slugs
  20 orcs
  11 ball pythons
  11 bats
  7 endoplasms
  9 giant cockroaches
  5 goblins
  4 hobgoblins
  4 jackals (D:3)
  22 kobolds
  9 quokkas
  14 frilled lizards
  A goblin skeleton (D:11)
  3 goblin zombies (D:11)
  A hobgoblin skeleton (D:11)
  3 hobgoblin zombies (D:11)
  11 orc zombies (D:11)
  2 rats
289 creatures vanquished.

Vanquished Creatures (others)
  9 plants
9 creatures vanquished.

Grand Total: 298 creatures vanquished

Notes
Turn   | Place    | Note
-------+----------+-------------------------------------------
     0 | D:1      | pokeman the Deep Elf Hedge Wizard began the quest for the
                  | Orb.
     0 | D:1      | Reached XP level 1. HP: 10/10 MP: 7/7
   343 | D:1      | Reached XP level 2. HP: 16/16 MP: 5/9
   584 | D:1      | Upgraded the game from 0.28-a0-514-g0d7ab7f379 to
                  | 0.28-a0-519-gbfeecf2fc5
   695 | D:1      | Reached skill level 5 in Spellcasting
  1042 | D:1      | Reached XP level 3. HP: 20/20 MP: 7/11
  1046 | D:1      | Learned a level 3 spell: Mephitic Cloud
  1049 | D:1      | Learned a level 2 spell: Call Imp
  1052 | D:1      | Learned a level 2 spell: Blink
  1056 | D:1      | Learned a level 3 spell: Conjure Flame
  1706 | D:2      | Reached skill level 1 in Armour
  1784 | D:2      | Reached skill level 1 in Fighting
  2032 | D:2      | Reached XP level 4. HP: 25/25 MP: 5/13
  2282 | D:2      | Found a faded altar of an unknown god.
  2359 | D:3      | Noticed a centaur
  2380 | D:3      | Killed a centaur
  2381 | D:3      | Reached skill level 6 in Spellcasting
  2381 | D:3      | Reached skill level 1 in Necromancy
  2381 | D:3      | Reached XP level 5. HP: 19/29 MP: 1/15
  3236 | D:3      | Reached XP level 6. HP: 33/34 MP: 17/17
  3307 | D:3      | Reached skill level 1 in Fire Magic
  3542 | D:3      | Reached skill level 7 in Spellcasting
  3898 | D:4      | Reached skill level 1 in Evocations
  4237 | D:4      | Reached skill level 1 in Poison Magic
  4883 | D:5      | Entered Level 5 of the Dungeon
  5000 | D:5      | You fall into a shaft and drop 3 floors!
  5036 | D:8      | Reached skill level 1 in Air Magic
  5036 | D:8      | Reached XP level 7. HP: 36/38 MP: 16/20
  5242 | D:8      | Noticed a steam dragon
  5253 | D:8      | Killed a steam dragon
  5254 | D:8      | Reached skill level 8 in Spellcasting
  5495 | D:8      | Noticed a two-headed ogre
  5731 | D:8      | Reached XP level 8. HP: 28/44 MP: 17/22
  5971 | D:7      | Reached skill level 9 in Spellcasting
  6089 | D:7      | Noticed Pikel
  6104 | D:7      | Killed Pikel
  6105 | D:7      | Reached skill level 1 in Shields
  6105 | D:7      | Reached skill level 5 in Conjurations
  6147 | D:7      | Reached skill level 10 in Spellcasting
  6290 | D:6      | Noticed Prince Ribbit
  6299 | D:6      | Noticed a cyclops
  6299 | D:6      | Killed Prince Ribbit
  6301 | D:6      | Noticed Sigmund
  6426 | D:6      | Found a snail-covered altar of Cheibriados.
  6458 | D:6      | Reached XP level 9. HP: 27/48 MP: 25/25
  6599 | D:6      | Found a glowing drain.
  6607 | Sewer    | Entered a sewer
  6966 | Sewer    | Got the Grimoire of Lightness
  6971 | Sewer    | Learned a level 3 spell: Swiftness
  6977 | Sewer    | Learned a level 5 spell: Lightning Bolt
  7442 | D:5      | Reached skill level 11 in Spellcasting
  7491 | D:5      | Identified the +5 battleaxe "Zyss" {vorpal, Drain rN++
                  | Will+}
  7909 | D:5      | Found a staircase to the Ecumenical Temple.
  7932 | Temple   | Entered the Ecumenical Temple
  8027 | Temple   | Became a worshipper of Vehumet
  8368 | D:5      | Found a stormy altar of Qazlal.
  8597 | D:5      | Found a shimmering blue altar of Sif Muna.
  8985 | D:6      | Killed Sigmund
 10414 | D:7      | Reached skill level 12 in Spellcasting
 10865 | D:7      | Found a glowing silver altar of Zin.
 10904 | D:7      | Noticed Joseph
 10927 | D:7      | Killed Joseph
 11017 | D:7      | Noticed Maggie
 11042 | D:7      | Killed Maggie
 11043 | D:7      | Reached XP level 10. HP: 50/53 MP: 28/28
 12091 | D:8      | Killed a two-headed ogre
 12092 | D:8      | Reached skill level 13 in Spellcasting
 12092 | D:8      | Reached skill level 5 in Summonings
 12309 | D:9      | Found Zum Sad's Jewellery Shoppe.
 12448 | D:9      | Found a staircase to the Lair.
 13088 | D:9      | Noticed a deep elf pyromancer
 13642 | D:9      | Found a broken altar of Ashenzari.
 13842 | D:9      | Found a faded altar of an unknown god.
 13842 | D:9      | Found a hazy altar of Hepliaklqana.
 13842 | D:9      | Found a faded altar of an unknown god.
 13960 | D:9      | Killed a deep elf pyromancer
 14024 | D:10     | Entered Level 10 of the Dungeon
 14152 | D:10     | Reached skill level 5 in Fire Magic
 14322 | D:10     | Reached skill level 14 in Spellcasting
 14527 | D:10     | Found Axteuw's Antique Weapon Emporium.
 14772 | Temple   | Identified a scroll of acquirement
 14794 | Temple   | Acquired 1097 gold pieces
 14959 | D:10     | Reached * piety under Vehumet
 14959 | D:10     | Offered knowledge of Sandblast by Vehumet.
 15077 | D:10     | Reached XP level 11. HP: 36/57 MP: 31/31
 15445 | D:10     | You fall into a shaft and drop 1 floor!
 15934 | D:11     | Found a staircase to the Orcish Mines.
 16012 | D:11     | Reached ** piety under Vehumet
 16012 | D:11     | Offered knowledge of Freeze by Vehumet.
 16018 | D:11     | Reached skill level 15 in Spellcasting
 16026 | D:11     | Noticed a two-headed ogre
 16045 | D:11     | Killed a two-headed ogre
 16138 | D:11     | Noticed a white ugly thing
 16590 | D:11     | Killed a white ugly thing
 17802 | D:12     | Found Fiofoite's Armour Boutique.
 18010 | D:12     | Noticed a two-headed ogre
 18037 | D:12     | Killed a two-headed ogre
 18038 | D:12     | Reached skill level 16 in Spellcasting
 18124 | D:12     | Noticed a skeletal warrior
 18317 | D:12     | Killed a skeletal warrior
 18434 | D:12     | Noticed a death knight
 18438 | D:12     | Reached skill level 5 in Armour
 18468 | D:12     | Slain by a death knight

Illustrated notes

Levels and vault maps discovered:
D:1:      ncdulo_halloftheorcs, layout_rooms, minmay_cupped
D:2:      layout_rooms, hellmonk_ecumenical_altar_leap_of_faith
D:3:      layout_basic, minmay_curled_crystal, corner_web_ring, st_stairs_12
D:4:      layout_basic, serial_curves, eino_curves_04, eino_curves_01
D:5:      layout_layer_cave, nicolae_qazlal_scattered_showers,
          lemuel_blue_sif_altar, temple_pool_b
D:6:      layout_basic, cheibriados_altar_1, portal_sewer_entry_a,
          uniq_prince_ribbit1, uniq_sigmund
D:7:      layout_basic, general_overflow_altar, minivault_24,
          serial_bayou_pond_b, uniq_joseph, uniq_pikel, uniq_maggie
D:8:      layout_basic, minmay_fountain_box, kennysheep_opposing_triangles
D:9:      layout_basic, nicolae_overflow_crystal_walls,
          nicolae_hepliaklqana_ecumenical_no_more, lair_entry_dummy,
          serial_shops, shop, serial_co_window_serial, co_window_corner_a,
          co_window_of_opportunity_a, co_window_paths_a, co_window_corner_a,
          co_window_corner_a, co_window_paths_c, co_window_corner_ca,
          co_window_paths_c, co_window_unsneaky_path_b, co_window_cross_2,
          co_window_paths_d, glass_columns_a
D:10:     layout_cave_pods, serial_shops, shop
D:11:     layout_loops_corners, zombieorc1_lemuel
D:12:     layout_basic, serial_shops, nicolae_shop_stone, minmay_lizard_king
Temple:   minmay_temple_bridge_d

Skill      XL: |  1  2  3  4  5  6  7  8  9 10 11 |
---------------+----------------------------------+-----
Spellcasting   | 5 6 7 8 10 12 14 16 | 16.3
Armour         | 1 2 3 5 |  5.0
Fighting       | 1 2 |  2.0
Conjurations   | 2 3 4 5 7 8 9 |  9.7
Dodging        | 3 |  3.1
Necromancy     | 1 2 |  2.0
Stealth        | 3 |  3.0
Fire Magic     | 1 2 4 5 7 |  7.1
Evocations     | 1 |  1.0
Poison Magic   | 1 |  1.0
Air Magic      | 1 2 |  2.0
Summonings     | 2 4 5 |  5.1
Shields        | 2 3 4 |  4.0
Translocations | |  1.1

Action                   |  1- 3 |  4- 6 |  7- 9 | 10-12 || total
-------------------------+-------+-------+-------+-------++-------
Melee: Staff             |    12 |    21 |       |       ||    33
       Whip              |       |    12 |    40 |   100 ||   152
Throw: Dart              |       |       |       |     1 ||     1
 Cast: Magic Dart        |   104 |   148 |   214 |   205 ||   671
       Mephitic Cloud    |     1 |    11 |    20 |    38 ||    70
       Conjure Flame     |     1 |     6 |    25 |    59 ||    91
       Blink             |       |       |     3 |    13 ||    16
       Lightning Bolt    |       |       |     3 |    32 ||    35
       Call Imp          |       |       |     2 |     6 ||     8
Evoke: Wand              |       |       |       |     8 ||     8
  Use: Scroll            |       |       |     1 |    15 ||    16
 Stab: Sleeping          |     1 |       |       |       ||     1
       Confused          |       |     2 |       |     4 ||     6
Armor: Leather armour    |     4 |     4 |    18 |       ||    26
       Acid dragon scale |       |       |       |    34 ||    34
Dodge: Dodged            |    24 |    36 |    53 |    53 ||   166
Block: Buckler           |       |       |       |    68 ||    68
       Reflection        |       |       |       |     6 ||     6

Table legend: (Time is in decaauts)
 A = Elapsed time spent in this place.
 B = Non-inter-level travel time spent in this place.
 C = Inter-level travel time spent in this place.
 D = Time resting spent in this place.
 E = Time spent auto-exploring this place.
 F = Levels seen in this place.
 G = Mean time per level.
                   A        B        C        D        E       F      G
               +--------+--------+--------+--------+--------+-----+--------+
         Total |  18588 |  17647 |    941 |   2304 |  12232 |  14 | 1327.7 |
       Dungeon |  17698 |  16856 |    842 |   2304 |  11589 |  12 | 1474.8 |
        Temple |    223 |    125 |     98 |      0 |     63 |   1 |  223.0 |
         Sewer |    665 |    665 |      0 |      0 |    579 |   1 |  665.0 |
               +--------+--------+--------+--------+--------+-----+--------+

Top non-repeatable levels by time:
    D:11: 2276 daAuts
     D:8: 2235 daAuts
     D:7: 1738 daAuts
     D:9: 1586 daAuts
     D:6: 1534 daAuts
     D:5: 1533 daAuts
     D:3: 1487 daAuts
     D:1: 1398 daAuts
    D:10: 1150 daAuts
     D:4: 1102 daAuts
     D:2: 901 daAuts
    D:12: 752 daAuts
   Sewer: 665 daAuts
  Temple: 223 daAuts
